 Dungeon Crawl Stone Soup version 0.20.0-15-g7f486f2 (webtiles) character file.

191 PotionSeller the Poker (level 5, 0/41 HPs)
             Began as a Demonspawn Wanderer on June 17, 2017.
             Was a Follower of Okawaru.
             Killed from afar by Blork the orc (9 damage)
             ... with a puff of frost
             ... on level 4 of the Dungeon.
             The game lasted 00:07:12 (3670 turns).

PotionSeller the Poker (Demonspawn Wanderer)        Turns: 3670, Time: 00:07:13

Health: 0/41       AC:  7    Str: 18    XL:     5   Next: 42%
Magic:  0/5        EV:  9    Int: 12    God:    Okawaru [*.....]
Gold:   183        SH:  2    Dex:  9    Spells: 4/4 levels left

rFire    . . .     SeeInvis .   i - +0 spear
rCold    . . .     Gourm    .   q - +0 buckler
rNeg     . . .     Faith    .   k - +0 ring mail
rPois    .         Spirit   +   (no helmet)
rElec    .         Reflect  .   g - +0 cloak
rCorr    .         Harm     .   n - +0 pair of gloves
MR       .....                  (no boots)
Stlth    ..........             (no amulet)
Regen    0.2/turn               (no ring)
MPRegen  0.1/turn               (no ring)

@: hasted, heavily drained, very quick
A: talons 1, blurry vision 1, clumsy 1, strong 1, magic shield
a: Heroism, Renounce Religion


You were on level 4 of the Dungeon.
You worshipped Okawaru.
Okawaru was aware of your devotion.
You were not hungry.

You visited 1 branch of the dungeon, and saw 4 of its levels.

You collected 183 gold pieces.

Inventory:

Hand Weapons
 b - a +0 falchion
 i - a +0 spear (weapon)
Armour
 a - a +0 shield
 d - a +0 robe
 g - a +0 cloak (worn)
 h - a +0 leather armour
 k - a +0 ring mail (worn)
 n - a +0 pair of gloves (worn)
 q - a +0 buckler (worn)
Jewellery
 s - an uncursed amulet of harm
Scrolls
 e - 2 scrolls of teleportation
 j - 3 scrolls of blinking {unknown}
 l - a scroll of fear {unknown}
 r - a scroll of identify
 t - a scroll of remove curse {unknown}
 u - a scroll of enchant weapon {unknown}
Potions
 c - 2 potions of curing
 w - a potion of haste
Comestibles
 f - 5 bread rations
 m - a meat ration
 o - 2 fruits
 p - a chunk of flesh
 v - a royal jelly


   Skills:
 - Level 3.5(1.9) Fighting
 + Level 4.9(3.2) Polearms
 - Level 1.0(0.0) Throwing
 - Level 1.0(0.0) Armour
 - Level 1.0(0.0) Dodging
 - Level 1.0(0.0) Stealth
 - Level 1.0(0.0) Shields


You had 4 spell levels left.
You didn't know any spells.

Dungeon Overview and Level Annotations

Branches:
Dungeon (4/15)
 Temple: D:4-7

Altars:
Okawaru
Vehumet

Annotations:
D:4 Blork the orc


Innate Abilities, Weirdness & Mutations

You have sharp toenails.
When hurt, damage is shared between your health and your magic reserves.
Scrolls take you a little longer to read.
You are clumsy. (Dex -2)
Your muscles are strong. (Str +2)


Message History

A magic dart appears from out of thin air!
The magic dart hits you!
You miss something. You claw something.
You hear some strange, mumbled words.
A magic dart appears from out of thin air!
The magic dart hits you!
You closely miss something. You claw something. You hit something.
You hear some strange, mumbled words.
A puff of frost appears from out of thin air!
The puff of frost hits you!
* * * LOW HITPOINT WARNING * * *
You barely miss something. You claw something.
Something hits you but does no damage.
Your shield prevents you from hitting something.
You miss something.
You hear some strange, mumbled words.
A puff of frost appears from out of thin air!
The puff of frost hits you!
You die...

#.#.## #.# #....# .#.##
#.#..##....#
#.#.........
#..........#
##.#.......#
...#..######
####..##############.###
####............@{......
...#.###############.##.
##.#.# #.# #.# #. #.


There were no monsters in sight!

Vanquished Creatures
  Crazy Yiuf (D:2)
  Jessica (D:3)
  An orc wizard (D:2)
  4 adders
  A worm (D:2)
  4 dart slugs
  3 leopard geckos
  3 orcs (D:3)
  2 ball pythons (D:3)
  5 bats
  2 giant cockroaches (D:1)
  3 goblins
  7 hobgoblins
  4 jackals
  A quokka (D:2)
  4 frilled lizards
  8 kobolds
  11 rats
65 creatures vanquished.

Notes
Turn   | Place    | Note
-------+----------+-------------------------------------------
     0 | D:1      | PotionSeller the Demonspawn Wanderer began the quest for the Orb.
     0 | D:1      | PotionSeller set off with: a +0 shield, a +0 falchion, a potion of curing, a +0 robe, a bread ration
     0 | D:1      | Reached XP level 1. HP: 18/18 MP: 1/1
   331 | D:1      | Found an iron altar of Okawaru.
   349 | D:1      | Became a worshipper of Warmaster Okawaru
   514 | D:1      | Gained mutation: When hurt, damage is shared between your health and your magic reserves. [demonic ancestry]
   514 | D:1      | Reached XP level 2. HP: 18/24 MP: 2/2
   667 | D:1      | Reached skill level 2 in Polearms
  1259 | D:2      | Reached XP level 3. HP: 22/29 MP: 3/3
  1546 | D:2      | Reached skill level 3 in Polearms
  1709 | D:2      | Found a radiant altar of Vehumet.
  1778 | D:2      | Gained mutation: You have sharp toenails. [demonic ancestry]
  1778 | D:2      | Reached XP level 4. HP: 25/35 MP: 4/4
  2140 | D:2      | Found a runed door.
  2404 | D:2      | Gained mutation: Scrolls take you a little longer to read. [potion of mutation]
  2404 | D:2      | Gained mutation: You are clumsy. (Dex -2) [potion of mutation]
  2404 | D:2      | Gained mutation: Your muscles are strong. (Str +2) [potion of mutation]
  2488 | D:2      | Noticed Crazy Yiuf
  2501 | D:2      | Killed Crazy Yiuf
  2501 | D:2      | Reached skill level 4 in Polearms
  2906 | D:3      | Reached XP level 5. HP: 38/41 MP: 5/5
  3009 | D:3      | Noticed Jessica
  3016 | D:3      | Killed Jessica
  3077 | D:3      | Reached * piety under Okawaru
  3648 | D:4      | Noticed Blork the orc
  3670 | D:4      | Killed from afar by Blork the orc

Skill      XL: |  1  2  3  4 |
---------------+-------------+-----
Polearms       | 2 3 4 |  4.9
Fighting       | |  3.5
Throwing       | |  1.0
Armour         | |  1.0
Dodging        | |  1.0
Stealth        | |  1.0
Shields        | |  1.0

Action                   |  1- 3 |  4- 6 || total
-------------------------+-------+-------++-------
Melee: Falchion          |    32 |       ||    32
       Spear             |   137 |   147 ||   284
       Kick              |       |    22 ||    22
Throw: Throwing net      |       |     2 ||     2
  Use: Scroll            |       |     5 ||     5
       Potion            |       |     3 ||     3
  Eat: Chunk             |     3 |     6 ||     9
Armor: Leather armour    |     5 |       ||     5
       Robe              |     1 |       ||     1
       Ring mail         |    48 |    88 ||   136
Dodge: Dodged            |    44 |    60 ||   104
Block: Shield            |    54 |    40 ||    94
